Map: Iron Fortress LE (Void)

Players

Wintersc2 (Winter)

  • Race: Zerg Zerg

DeMusliM - Winner!

  • Race: Terran Terran

VOD

Have the link to the VOD?

Description

Time

  • Played on: April 8, 2015, 2:52 p.m.
  • Length: 3:51
Show
View Real Time Build Order
Export as new Build Order

Wintersc2 Zerg 

Build Orders: 3 Hatch before Pool 

Get SALT Encoding   

  12  0:01  Drone  
  13  0:13  Overlord  
  13  0:17  Drone  
  14  0:31  Drone x2  
  14  0:35  Drone  
  17  0:46  Drone  
  18  0:57  Hatchery  
  17  1:00  Drone  
  18  1:07  Drone  
  19  1:26  Drone  
  19  1:29  Hatchery  
  19  1:34  Drone  
  20  1:40  Drone  
  20  1:46  Spawning Pool  
  20  1:48  Extractor  
  20  1:53  Drone  
  20  2:08  Drone  
  21  2:15  Drone x2  
  23  2:21  Drone  
  24  2:32  Queen  
  24  2:34  Spine Crawler  
  24  2:35  Zergling x4  
  24  2:36  Queen  
  26  2:39  Zergling x2  
  26  2:41  Zergling x2  
  26  2:42  Zergling x2  
  31  2:44  Zergling x2  
  28  2:59  Zergling x2  
  28  3:00  Zergling x2  
Show
View Real Time Build Order
Export as new Build Order

DeMusliM Terran - Winner!

Build Orders:  

Get SALT Encoding   

  13  0:10  Supply Depot  
  12  0:52  Barracks  
  12  0:54  Barracks  
  12  0:56  Barracks  
  12  1:01  SCV  
  13  1:13  SCV  
  14  1:25  SCV  
  15  1:39  Marine  
  16  1:40  Orbital Command  
  16  1:41  Marine  
  16  1:44  Marine  
  18  1:59  Marine x2  
  20  2:01  Marine  
  20  2:05  Supply Depot  
  21  2:16  Marine  
  21  2:17  SCV, Marine  
  21  2:19  Marine  
  25  2:34  Marine x2  
  27  2:37  Marine  
  28  2:52  Marine x2  
  30  3:11  Marine x2  
  23  3:23  Marine  
  22  3:32  SCV  
Tags
 
Add a new tag
Caveats
  • Supply blocks, unpowered buildings, or Contaminate may cause inaccurate times.
  • Supply counts are checked every 10 seconds.